 Dungeon Crawl Stone Soup version 0.20-a0-1122-gb7cbeb9 (webtiles) character file.

99727 Niddhogr the Impaler (level 16, 0/139 HPs)
             Began as a Formicid Fighter on Feb 24, 2017.
             Was the Champion of Okawaru.
             Slain by an orc warlord
             ... wielding a cursed -1 glaive
              (25 damage)
             ... on level 2 of the Orcish Mines on May 11, 2017.
             The game lasted 01:50:24 (40779 turns).

Niddhogr the Impaler (Formicid Fighter)            Turns: 40779, Time: 01:50:25

Health: 0/139      AC: 19    Str: 27    XL:     16   Next: 77%
Magic:  20/20      EV: 12    Int: 10    God:    Okawaru [******]
Gold:   1950       SH: 16    Dex: 11    Spells: 15/15 levels left

rFire    . . .     SeeInvis +   K - +1 glaive (venom)
rCold    + . .     Gourm    .   j - +0 large shield {reflect}
rNeg     + . .     Faith    +   a - +8 chain mail of Moyneet {rN+ Int+2 Slay+3}
rPois    +         Spirit   .   (helmet unavailable)
rElec    .         Reflect  +   h - scarf {repulsion}
rCorr    .         Harm     .   (no gloves)
MR       ++...                  (no boots)
Stlth    ..........             w - amulet of faith
Regen    0.4/turn               g - ring of protection from cold
MPRegen  0.2/turn               x - +3 ring of evasion

@: studying Throwing, drained, invisible, repel missiles
A: permanent stasis, dig shafts and tunnels, four strong arms, antennae 3,
talons 2, low mp 1, magic resistance 1, poison resistance, robust 1
a: Dig, Shaft Self, Heroism, Finesse, Renounce Religion


You were on level 2 of the Orcish Mines.
You worshipped Okawaru.
Okawaru was exalted by your worship.
You were not hungry.

You visited 3 branches of the dungeon, and saw 22 of its levels.
You visited the Abyss 1 time.
You also visited: Labyrinth and Ice Cave.

You collected 2238 gold pieces.
You spent 288 gold pieces at shops.

Inventory:

Hand Weapons
 K - a +1 glaive of venom (weapon)
 N - a +0 bardiche
Missiles
 b - 3 throwing nets
 e - 6 javelins of returning
 n - 7 javelins of penetration
 q - 13 javelins (quivered)
 B - 7 steel javelins
 H - 3 silver javelins
 L - 7 exploding tomahawks
 Q - 8 silver tomahawks
 V - 13 poisoned javelins
Armour
 a - the +8 chain mail of Moyneet (worn) {rN+ Int+2 Slay+3}
   (You found it on level 8 of the Dungeon)

   It affects your intelligence (+2).
   It affects your accuracy and damage with ranged weapons and melee attacks
   (+3).
   It protects you from negative energy.
 h - a scarf of repulsion (worn)
 j - a +0 large shield of reflection (worn)
Jewellery
 g - a ring of protection from cold (left hand)
 w - an amulet of faith (around neck)
 x - a +3 ring of evasion (right hand)
 D - an uncursed amulet of the gourmand {unknown}
Wands
 c - a wand of confusion (17/48)
 o - a wand of paralysis (2/24)
 C - a wand of polymorph (2/24)
 O - a wand of disintegration (8/24)
Scrolls
 i - 7 scrolls of remove curse
 l - 3 scrolls of enchant weapon
 s - a scroll of magic mapping
 y - a scroll of torment {unknown}
 E - 5 scrolls of enchant armour
 F - 3 scrolls of fog
 G - 6 scrolls of recharging
 J - 3 scrolls of silence
 P - 2 scrolls of acquirement {unknown}
 W - 4 scrolls of immolation
Potions
 d - 5 potions of might
 k - 2 potions of lignification
 p - a potion of cancellation {unknown}
 r - a potion of resistance
 t - 4 potions of curing
 u - 4 potions of agility
 v - 4 potions of magic
 z - a potion of haste {unknown}
 R - 9 potions of flight
 S - a potion of degeneration {unknown}
 U - a potion of brilliance {unknown}
 Y - a potion of mutation
Books
 T - a manual of Throwing
Comestibles
 f - 7 bread rations
 m - 19 chunks of flesh
 A - 7 meat rations
 I - 14 royal jellies
 Z - 5 fruits


   Skills:
 - Level 12.0(11.8) Fighting
 + Level 18.7(18.5) Polearms
 - Level 12.2(12.0) Throwing
 - Level 10.3(10.1) Armour
 * Level 7.2(7.0) Dodging
 - Level 6.0(5.9) Stealth
 - Level 6.6(6.4) Shields
 - Level 8.3(8.1) Invocations


You had 15 spell levels left.
You didn't know any spells.

Dungeon Overview and Level Annotations

Branches:
Dungeon (14/15)            Temple (0/1) D:7            Lair (6/6) D:9
 Shoals (0/4) Lair:3        Snake (0/4) Lair:2        Slime (0/5) Lair:5
    Orc (2/2) D:11            Elf (0/3) Orc:2
 Vaults: D:13-14

Altars:
Cheibriados
Elyvilon
Gozag
Kikubaaqudgha
Makhleb
Nemelex Xobeh
Okawaru
Sif Muna
Uskayaw
Zin
Beogh
Jiyva

Shops:
D:4 %   D:6 (%   D:8 :   D:9 *   D:11 *   D:12 (   D:13 !

Annotations:
D:14 Rupert


Innate Abilities, Weirdness & Mutations

You cannot be hasted, slowed, berserked, paralysed or teleported.
You can dig through walls and to a lower floor.
Your four strong arms can wield two-handed weapons with a shield.
You have a pair of large antennae on your head. (SInv)
You have razor-sharp toenails.
Your magical capacity is low. (-10% MP)
You are resistant to hostile enchantments. (MR+)
Your system is resistant to poisons. (rPois)
You are robust. (+10% HP)


Message History

You block the ice devil's attack.
The orc wizard looks encouraged for a moment.
The ice devil disappears in a puff of smoke!
The orc high priest invokes the aid of Beogh against you.
Beogh smites you!
The orc wizard looks encouraged for a moment.
The orc priest mumbles some strange prayers to Beogh against you.
Beogh smites you!
* * * LOW HITPOINT WARNING * * *
The orc high priest prays to Beogh.
The orc high priest is healed somewhat.
You hear a shout!
The hellwing swoops through the air toward you!
The hellwing hits you!
* * * LOW HITPOINT WARNING * * *
You block the hellwing's attack.
Okay, then.
You fade into invisibility!
The orc warlord hits you from afar with a glaive!!
You die...

#.###........#.....^.......#.#
##.....)....####..........####
#.###........#.#...........#..
##.##....../.#.............#.{
##.#.[.≈≈≈≈≈).............#..
##..[#####≈)................
#.#.))...#≈.......#.#.......
##.≈[[...#≈4.....######....,
#.#.#≈.).#≈@....## *,,,,,
##.#≈#≈..#.....## *,,,,,
#.###≈#.)..o4(###### *,,***
##.###.≈..o4..#.##.###***,*
#.#.#....#.o.o.......## *,*
##.#.#[.)#)o..........# ***
####.[)..oo(.......###
##.#...))o..#..## *****
####...........# *,,,,


You could see an orc warlord, an orc knight, an orc high priest, 2 orange
demons, a hellwing, 2 orc priests, an orc wizard and 2 orcs.

Vanquished Creatures
  Donald (Orc:2)
  A frost giant (IceCv)
  The ghost of EvilAshe the Fighter, a journeyman MfMo of Ashenzari (IceCv)
  Azrael (D:12)
  The ghost of jotwebe the Quickloader, a journeyman GnAM of Okawaru (Lair:5)
  6 dire elephants (Lair:6)
  A minotaur (Lab)
  Josephine (D:12)
  Fannar (Orc:1)
  11 hydras
  A centaur warrior (D:13)
  A death knight (D:13)
  An anaconda (Lair:6)
  8 two-headed ogres
  The ghost of gorpus the Thaumaturge, a journeyman DEWz of Sif Muna (Lair:1)
  5 death yaks (Lair:6)
  Sonja (D:14)
  An orc high priest (Orc:2)
  Nergalle (D:12)
  A skeletal warrior (D:13)
  3 unseen horrors
  A lindwurm (Lair:4)
  5 orc knights
  5 cyclopes
  2 manticores
  A deep elf mage (D:11)
  6 orc sorcerers (Orc:2)
  An oklob plant (Lair:1)
  A merfolk siren (Lair:3)
  2 ugly things (D:13)
  4 black mambas
  14 elephants
  An ice statue (IceCv)
  A torpor snail (Lair:2)
  Psyche (D:10)
  A gargoyle (D:11)
  13 spiny frogs
  5 rime drakes
  5 komodo dragons
  An efreet (Abyss:1)
  The ghost of gorpus the Digger, a novice OpEE of Ashenzari (D:5)
  2 freezing wraiths (D:13)
  12 polar bears
  8 trolls
  6 slime creatures (D:13)
  13 blink frogs
  10 hippogriffs
  7 dream sheep (Lair:6)
  7 wraiths
  52 yaks
  2 water elementals (D:14)
  7 wyverns
  2 vampires
  4 hogs (D:7)
  A human (D:7)
  5 basilisks
  2 fire elementals (D:12)
  2 steam dragons
  2 hungry ghosts
  2 vampire mosquitoes (D:13)
  4 nagas (Lair:2)
  4 wargs
  16 water moccasins
  A soldier ant (D:12)
  3 hell hounds (D:12)
  10 porcupines
  30 orc warriors
  A large abomination (Abyss:1)
  7 sky beasts
  4 ice beasts
  A black bear (Lair:3)
  3 phantoms
  11 wolves
  12 ogres
  8 centaurs
  A small abomination (Abyss:1)
  5 crocodiles
  4 big kobolds
  21 bullfrogs
  A gnoll sergeant (D:10)
  A wyvern zombie (D:7)
  4 scorpions
  9 killer bees
  A water moccasin skeleton (D:4)
  2 electric eels
  9 crimson imps
  A howler monkey (D:9)
  8 hounds
  A quasit (D:8)
  A bullfrog zombie (D:10)
  2 centaur zombies
  Crazy Yiuf (D:7)
  18 orc priests
  5 jellies
  5 bullfrog skeletons
  3 centaur skeletons
  Ijyb (D:3)
  Natasha (twice) (D:4)
  30 orc wizards
  An iguana (D:4)
  4 hell rats (Lair:6)
  19 worker ants
  A hound zombie (D:9)
  8 gnolls
  18 adders
  3 shadow imps
  A white imp (Abyss:1)
  3 oozes
  An adder skeleton (D:9)
  2 worms
  6 dart slugs
  6 leopard geckos
  104 orcs
  11 bats
  8 giant cockroaches
  6 goblins
  12 hobgoblins
  13 jackals
  4 quokkas
  2 ball pythons
  11 frilled lizards
  25 kobolds
  A leopard gecko zombie (D:5)
  5 rats
  5 plants (Lair:6)
797 creatures vanquished.

Vanquished Creatures (others)
  A polar bear (IceCv)
  An orc warrior (Orc:2)
  3 centaurs (D:14)
  An orc wizard (Orc:1)
  An orc (Orc:2)
  16 fungi
  14 plants
37 creatures vanquished.

Grand Total: 834 creatures vanquished

Notes
Turn   | Place    | Note
-------+----------+-------------------------------------------
     0 | D:1      | Niddhogr the Formicid Fighter began the quest for the Orb.
     0 | D:1      | Reached XP level 1. HP: 18/18 MP: 1/1
     3 | D:1      | Noticed an anaconda
    11 | D:1      | Noticed an anaconda
    90 | D:1      | Reached XP level 2. HP: 23/24 MP: 2/2
   216 | D:1      | Reached skill level 3 in Polearms
   301 | D:1      | Reached XP level 3. HP: 29/29 MP: 3/3
  3657 | D:1      | Reached skill level 4 in Polearms
  3657 | D:1      | Reached XP level 4. HP: 30/35 MP: 4/4
  3737 | D:2      | Upgraded the game from 0.20-a0-738-gb057e68 to 0.20-a0-1122-gb7cbeb9
  4298 | D:2      | Reached XP level 5. HP: 35/41 MP: 5/5
  4968 | D:3      | Noticed Ijyb
  4980 | D:3      | Killed Ijyb
  4980 | D:3      | Reached skill level 5 in Polearms
  5286 | D:3      | Found a snail-covered altar of Cheibriados.
  5868 | D:3      | Found a snail-covered altar of Cheibriados.
  6241 | D:4      | Found a snail-covered altar of Cheibriados.
  6279 | D:4      | Reached XP level 6. HP: 36/47 MP: 6/6
  6302 | D:4      | Reached skill level 6 in Polearms
  6302 | D:4      | Reached skill level 1 in Throwing
  6466 | D:4      | Noticed an ogre
  6506 | D:4      | HP: 1/47 [ogre/giant club (17)]
  6511 | D:4      | Killed an ogre
  6511 | D:4      | Reached XP level 7. HP: 1/52 MP: 7/7
  6751 | D:4      | Found a sparkling altar of Nemelex Xobeh.
  7237 | D:4      | Found Vealax's Food Shop.
  7716 | D:4      | Found a snail-covered altar of Cheibriados.
  7752 | D:4      | Found Vealax's Food Shop.
  7784 | D:4      | Noticed Natasha
  7794 | D:4      | Killed Natasha
  7794 | D:4      | Reached skill level 7 in Polearms
  7898 | D:4      | Noticed Natasha
  7902 | D:4      | Killed Natasha
  7954 | D:4      | Found a sparkling altar of Nemelex Xobeh.
  8137 | D:4      | Reached XP level 8. HP: 44/58 MP: 8/8
  8315 | D:5      | Entered Level 5 of the Dungeon
  8549 | D:5      | Noticed gorpus's ghost (novice OpEE)
  8576 | D:5      | Killed gorpus's ghost
  8576 | D:5      | Reached skill level 8 in Polearms
  8620 | D:5      | Found an opulent altar of Gozag.
  8823 | D:5      | Gained mutation: Your movements are slightly less encumbered by armour. (ER -2) [mutagenic meat]
  8824 | D:5      | Gained mutation: Your body sometimes deteriorates upon taking damage. [mutagenic meat]
  8825 | D:5      | Gained mutation: Your body often deteriorates upon taking damage. [mutagenic meat]
  8826 | D:5      | Gained mutation: You expend magic power (3 MP) to strengthen your wands. [mutagenic meat]
  8888 | D:5      | Found an iron altar of Okawaru.
  8901 | D:5      | Became a worshipper of Warmaster Okawaru
  8906 | D:5      | Reached skill level 9 in Polearms
  8906 | D:5      | Reached skill level 5 in Throwing
  8934 | D:5      | Reached XP level 9. HP: 45/64 MP: 9/9
  9131 | D:5      | Found a deep blue altar of Sif Muna.
  9168 | D:5      | Found an iron altar of Okawaru.
  9302 | D:5      | Found an opulent altar of Gozag.
  9437 | D:6      | Got a crude chain mail
  9448 | D:6      | Identified the +7 chain mail of the Ward {MR++} (You found it on level 6 of the Dungeon)
  9492 | D:6      | Found Viext's Antique Weapon Shop.
 10040 | D:5      | Reached * piety under Okawaru
 10040 | D:5      | Reached skill level 10 in Polearms
 10326 | D:6      | Found Zykol's Food Shop.
 10462 | D:6      | Found a white marble altar of Elyvilon.
 10626 | D:6      | Found a white marble altar of Elyvilon.
 10700 | D:6      | Found Viext's Antique Weapon Shop.
 10747 | D:6      | Found Zykol's Food Shop.
 11117 | D:7      | Reached skill level 1 in Invocations
 11129 | D:7      | Reached ** piety under Okawaru
 11129 | D:7      | Reached skill level 5 in Fighting
 11153 | D:7      | Reached XP level 10. HP: 47/74 MP: 11/13
 11340 | D:7      | Found a staircase to the Ecumenical Temple.
 11447 | D:7      | Reached skill level 11 in Polearms
 11818 | D:7      | Found a hide-covered altar of Uskayaw.
 11996 | D:7      | Found a runed door.
 12180 | D:7      | Found a glowing silver altar of Zin.
 12373 | D:7      | Noticed Crazy Yiuf
 12383 | D:7      | Killed Crazy Yiuf
 12408 | D:7      | Found a hide-covered altar of Uskayaw.
 12596 | D:7      | Found a staircase to the Ecumenical Temple.
 12935 | D:7      | Found a glowing silver altar of Zin.
 13618 | D:8      | Found Uguffuim's Book Shoppe.
 13838 | D:8      | Reached *** piety under Okawaru
 13992 | D:8      | Got an ancient chain mail
 14003 | D:8      | Identified the +8 chain mail of Moyneet {rN+ Int+2 Slay+3} (You found it on level 8 of the Dungeon)
 14487 | D:8      | Found Uguffuim's Book Shoppe.
 15535 | D:9      | Found a staircase to the Lair.
 15535 | D:9      | Noticed an elephant
 15628 | D:9      | Killed an elephant
 15632 | D:9      | Reached skill level 12 in Polearms
 15735 | D:9      | Reached XP level 11. HP: 57/86 MP: 11/14
 16030 | D:9      | Noticed a two-headed ogre
 16037 | D:9      | Killed a two-headed ogre
 16037 | D:9      | Reached **** piety under Okawaru
 16037 | D:9      | Reached skill level 5 in Armour
 16210 | D:9      | Gained mutation: Your muscles are strong. (Str +2) [mutagenic meat]
 16212 | D:9      | Lost mutation: Your body often deteriorates upon taking damage. [mutagenic meat]
 16215 | D:9      | Lost mutation: You expend magic power (3 MP) to strengthen your wands. [mutagenic meat]
 16222 | D:9      | Found Joatyg's Demolitions Depot.
 16240 | D:9      | Bought 5 exploding tomahawks for 70 gold pieces
 16240 | D:9      | Bought 7 exploding tomahawks for 98 gold pieces
 16263 | D:9      | Found a burning altar of Makhleb.
 16424 | D:9      | Noticed a two-headed ogre
 16435 | D:9      | Killed a two-headed ogre
 16529 | D:9      | Reached skill level 1 in Dodging
 16707 | D:9      | Found a staircase to the Lair.
 16709 | D:9      | Noticed a manticore
 16715 | D:9      | Killed a manticore
 17018 | D:9      | Found Joatyg's Demolitions Depot.
 17073 | D:9      | Found a burning altar of Makhleb.
 17322 | D:9      | Reached ***** piety under Okawaru
 17343 | D:9      | Reached skill level 13 in Polearms
 17484 | D:10     | Entered Level 10 of the Dungeon
 17676 | D:9      | Found a staircase to the Lair.
 17863 | D:9      | Found a burning altar of Makhleb.
 18640 | D:10     | Noticed Psyche
 18646 | D:10     | Killed Psyche
 18689 | D:10     | Noticed a two-headed ogre
 18705 | D:10     | Killed a two-headed ogre
 18705 | D:10     | Reached skill level 5 in Dodging
 18705 | D:10     | Reached XP level 12. HP: 43/92 MP: 15/15
 18944 | D:10     | Received a gift from Okawaru
 19864 | D:11     | Found a staircase to the Orcish Mines.
 19890 | D:11     | Found Ovvaxit's Assorted Antiques.
 19947 | D:11     | Found a labyrinth entrance.
 19956 | D:11     | Received a gift from Okawaru
 20045 | D:11     | Reached skill level 5 in Invocations
 20088 | Lab      | Entered a labyrinth
 21368 | Lab      | Noticed a minotaur
 21377 | Lab      | Killed a minotaur
 21725 | D:11     | Found Ovvaxit's Assorted Antiques.
 21802 | D:11     | Found a staircase to the Orcish Mines.
 22023 | D:12     | Noticed a two-headed ogre
 22040 | D:12     | Killed a two-headed ogre
 22061 | D:12     | Found Uduhyfy's Weapon Shoppe.
 22075 | D:12     | Noticed a two-headed ogre
 22085 | D:12     | Killed a two-headed ogre
 22139 | D:12     | Noticed Azrael
 22139 | D:12     | Noticed an unseen horror
 22143 | D:11     | Killed an unseen horror
 22143 | D:11     | Received a gift from Okawaru
 22455 | D:12     | Reached skill level 14 in Polearms
 22459 | D:12     | Noticed Josephine
 22476 | D:12     | Killed Josephine
 22522 | D:12     | Noticed a seven-headed hydra
 22531 | D:12     | Killed a seven-headed hydra
 22531 | D:12     | Reached skill level 5 in Shields
 22602 | D:12     | Reached XP level 13. HP: 70/98 MP: 19/19
 22763 | D:12     | Received a gift from Okawaru
 22770 | D:12     | Killed Azrael
 23099 | D:12     | Reached skill level 1 in Stealth
 23133 | D:12     | Noticed Nergalle
 23147 | D:12     | Killed Nergalle
 23403 | D:12     | Found Uduhyfy's Weapon Shoppe.
 24007 | D:13     | Found Hyexisen's Distillery.
 24010 | D:13     | Bought a potion of mutation for 120 gold pieces
 24010 | D:13     | Lost mutation: Your movements are slightly less encumbered by armour. (ER -2) [potion of mutation]
 24010 | D:13     | Lost mutation: Your muscles are strong. (Str +2) [potion of mutation]
 24010 | D:13     | Lost mutation: Your body sometimes deteriorates upon taking damage. [potion of mutation]
 24010 | D:13     | Gained mutation: You expend magic power (3 MP) to strengthen your wands. [potion of mutation]
 24010 | D:13     | Gained mutation: Your system is resistant to poisons. (rPois) [potion of mutation]
 24011 | D:13     | Lost mutation: Your system is resistant to poisons. (rPois) [potion of mutation]
 24011 | D:13     | Lost mutation: You expend magic power (3 MP) to strengthen your wands. [potion of mutation]
 24011 | D:13     | Gained mutation: Your system is resistant to poisons. (rPois) [potion of mutation]
 24011 | D:13     | Gained mutation: You have sharp toenails. [potion of mutation]
 24011 | D:13     | Gained mutation: You have razor-sharp toenails. [potion of mutation]
 24012 | D:13     | Noticed a centaur warrior
 24038 | D:13     | Killed a centaur warrior
 24038 | D:13     | Received a gift from Okawaru
 24038 | D:13     | Reached skill level 15 in Polearms
 24038 | D:13     | Reached skill level 5 in Stealth
 24587 | D:13     | Gained mutation: You are resistant to hostile enchantments. (MR+) [mutagenic meat]
 24588 | D:13     | Gained mutation: You are robust. (+10% HP) [mutagenic meat]
 24589 | D:13     | Gained mutation: Your magical capacity is low. (-10% MP) [mutagenic meat]
 24897 | D:13     | Found an ancient bone altar of Kikubaaqudgha.
 25233 | D:13     | Found Hyexisen's Distillery.
 25504 | D:13     | Found an ancient bone altar of Kikubaaqudgha.
 25702 | D:13     | Reached ****** piety under Okawaru
 26021 | D:14     | Received a gift from Okawaru
 26021 | D:14     | Reached XP level 14. HP: 118/118 MP: 18/18
 26289 | D:14     | Noticed Sonja
 26312 | D:14     | Killed Sonja
 26341 | D:14     | Reached skill level 10 in Fighting
 26390 | D:14     | Noticed Rupert
 26477 | Orc:1    | Entered Level 1 of the Orcish Mines
 26580 | Orc:2    | Entered Level 2 of the Orcish Mines
 26580 | Orc:2    | Found a roughly hewn altar of Beogh.
 26594 | Orc:2    | Reached skill level 16 in Polearms
 26634 | Orc:2    | Found a frozen archway.
 26657 | IceCv    | Entered an ice cave
 26758 | IceCv    | Received a gift from Okawaru
 26914 | IceCv    | Noticed EvilAshe's ghost (journeyman MfMo)
 26938 | IceCv    | Killed EvilAshe's ghost
 26974 | IceCv    | Received a gift from Okawaru
 27008 | IceCv    | Noticed a frost giant
 27043 | IceCv    | Killed a frost giant
 27543 | Orc:2    | Noticed an orc warlord
 28244 | Orc:1    | Noticed Fannar
 28259 | Orc:1    | Killed Fannar
 28259 | Orc:1    | Received a gift from Okawaru
 28622 | Orc:2    | Noticed Donald
 28645 | Orc:2    | Killed Donald
 28836 | Orc:1    | Reached skill level 17 in Polearms
 28843 | Orc:1    | Reached XP level 15. HP: 121/132 MP: 19/19
 29094 | Lair:1   | Entered Level 1 of the Lair of Beasts
 29094 | Lair:1   | Noticed gorpus's ghost (journeyman DEWz)
 29103 | Lair:1   | Killed gorpus's ghost
 30300 | Lair:2   | Received a gift from Okawaru
 30394 | Lair:2   | Found a staircase to the Snake Pit.
 30596 | Lair:2   | You fall through a shaft for 2 floors!
 31472 | Lair:3   | Reached skill level 10 in Throwing
 32458 | Lair:2   | Found a staircase to the Snake Pit.
 33694 | Lair:3   | Found a staircase to the Shoals.
 34306 | Lair:3   | Found a staircase to the Shoals.
 35182 | Lair:4   | Received a gift from Okawaru
 35490 | Lair:5   | Found a staircase to the Slime Pits.
 35490 | Lair:5   | Found a viscous altar of Jiyva.
 35565 | Lair:4   | Reached skill level 18 in Polearms
 35803 | Lair:5   | Noticed jotwebe's ghost (journeyman GnAM)
 35836 | Lair:5   | Received a gift from Okawaru
 36160 | Lair:5   | Killed jotwebe's ghost
 36519 | Lair:5   | Found a viscous altar of Jiyva.
 36520 | Lair:5   | Found a staircase to the Slime Pits.
 37071 | Lair:6   | Entered Level 6 of the Lair of Beasts
 37225 | Lair:6   | Received a gift from Okawaru
 37459 | Lair:6   | Reached XP level 16. HP: 134/139 MP: 20/20
 37519 | Lair:6   | Received a gift from Okawaru
 37884 | Lair:6   | Received a gift from Okawaru
 37893 | Lair:6   | Got a pitted chain mail {god gift}
 37904 | Lair:6   | Identified the +0 chain mail "Goybeh" {Str+4 Int+3} (Okawaru gifted it to you on level 6 of the Lair of Beasts)
 39568 | Lair:6   | Reached skill level 10 in Armour
 40543 | Orc:2    | Cast into level 1 of the Abyss (chaos spawn)
 40591 | Abyss:1  | Received a gift from Okawaru
 40625 | Orc:2    | Escaped the Abyss
 40719 | Orc:2    | Received a gift from Okawaru
 40779 | Orc:2    | Slain by an orc warlord

Vault maps used:
D:1:      sevenhm_arrival_forest_fort_small_2, lemuel_flame_loot_1
D:2:      serial_park_tiny_pond, minmay_pentomino_q4
D:3:      first_bread, kennysheep_slug_shrine, uniq_ijyb
D:4:      kennysheep_mini_moat, kennysheep_mini, serial_shops, shop,
          uniq_natasha
D:5:      grunt_gozag_statues, lemuel_round_altar, lemuel_blue_sif_altar
D:6:      elyvilon_altar_5, serial_shops, shop, shop
D:7:      lemuel_round_altar, zin_scriptorium, minmay_temple_entry_large_hall,
          grunt_livestock, uniq_crazy_yiuf_cottage
D:8:      serial_shops, shop_coins
D:9:      kennysheep_steamy, lemuel_round_altar, david_lair_generic,
          nicolae_blasting_shop
D:10:     library_closet, uniq_psyche
D:11:     orc_0_dummy, serial_shops, nicolae_shop_waterfront, lab_entry_generic
D:12:     serial_shops, shop, uniq_nergalle, uniq_josephine, uniq_azrael
D:13:     basic_altar, serial_shops, nicolae_shop_temple_entry_statues_fountains
D:14:     lightli_vaults_fourway_checkpoint, nrook_mini_vaults, minmay_holes,
          uniq_sonja, uniq_rupert
Lair:1:   st_stairs_11, eino_small_chamber_without_monster,
          dpeg_stationary_puzzle
Lair:2:   minmay_snake_entry_guardpost_medium
Lair:3:   minmay_shoals_entry_lonely_mermaid, infiniplex_staircase_pool_2
Lair:5:   slime_altar_1, lemuel_fruit_fields, lemuel_fruit_fields,
          infiniplex_staircase_pool
Lair:6:   due_jungle_book, serial_bayou_pond_c, grunt_megastairs_2,
          lemuel_fruit_fields
Orc:1:    uniq_fannar
Orc:2:    st_orc_congregation, basic_altar, portal_ice_cave_rime, uniq_donald
Lab:      labyrinth_watery
IceCv:    ice_cave_small_giant

Skill      XL: |  1  2  3  4  5  6  7  8  9 10 11 12 13 14 15 16 |
---------------+-------------------------------------------------+-----
Polearms       | 3 4 5 6 7 9 10 12 13 14 15 17 18 | 18.7
Throwing       | 2 3 5 6 7 12 | 12.2
Fighting       | 5 8 9 12 | 12.0
Invocations    | 4 8 |  8.3
Armour         | 6 7 10 | 10.3
Dodging        | 5 6 7 |  7.2
Shields        | 5 6 |  6.6
Stealth        | 6 |  6.0

Action                   |  1- 3 |  4- 6 |  7- 9 | 10-12 | 13-15 | 16-18 || total
-------------------------+-------+-------+-------+-------+-------+-------++-------
Melee: Trident           |   117 |   232 |   437 |   843 |   357 |       ||  1986
       Kick              |       |       |       |       |   380 |   172 ||   552
       Demon trident     |       |       |       |       |   247 |       ||   247
       Glaive            |       |       |       |       |   671 |   416 ||  1087
Throw: Javelin           |       |     2 |       |     2 |    28 |    14 ||    46
       Tomahawk          |       |       |       |       |     5 |       ||     5
       Throwing net      |       |       |       |       |     1 |       ||     1
Invok: Heroism           |       |       |       |    11 |    13 |     2 ||    26
       Finesse           |       |       |       |       |     6 |       ||     6
 Abil: Dig               |       |       |     1 |     1 |     3 |       ||     5
  Use: Scroll            |       |       |     6 |     8 |     6 |     1 ||    21
       Potion            |       |       |     1 |     2 |     6 |     2 ||    11
  Eat: Chunk             |     7 |    11 |    17 |    30 |    42 |     9 ||   116
       Royal jelly       |       |       |     1 |       |       |       ||     1
       Bread ration      |       |       |       |     3 |     2 |       ||     5
       Fruit             |       |       |       |     2 |     3 |     2 ||     7
Armor: Scale mail        |    31 |    59 |     8 |       |       |       ||    98
       Swamp dragon scal |       |       |    57 |    28 |       |       ||    85
       Storm dragon scal |       |       |     7 |       |       |       ||     7
       Chain mail        |       |       |    69 |   170 |   333 |    90 ||   662
Dodge: Dodged            |    11 |    42 |    73 |   146 |   352 |    84 ||   708
       Deflected         |       |       |     8 |    14 |    16 |     2 ||    40
Block: Shield            |    38 |    91 |   172 |   268 |   107 |       ||   676
       Buckler           |       |       |       |       |   135 |       ||   135
       Reflection        |       |       |       |       |    19 |     2 ||    21
       Large shield      |       |       |       |       |   301 |   241 ||   542
